 Dungeon Crawl Stone Soup version 0.29-a0-845-g6161e89988 (webtiles) character file.

Game seed: 16910051800032904053

3957 jimonade the Fighter (level 10, -3/108 (110) HPs)
             Began as an Ogre Gladiator on July 15, 2022.
             Was an Initiate of the Shining One.
             Slain by a troll (9 damage)
             ... on level 9 of the Dungeon.
             The game lasted 00:22:25 (10163 turns).

jimonade the Fighter (Ogre Gladiator)              Turns: 10163, Time: 00:22:25

HP:   -3/108 (110)  AC: 11    Str: 22    XL:     10   Next: 21%
MP:   29/29         EV: 13    Int: 11    God:    the Shining One [......]
Gold: 560           SH:  0    Dex: 15    Spells: 22/22 levels left

rFire   + . .      SeeInvis .   P - +4 short sword (venom)
rCold   x . .      Faith    .   (no shield)
rNeg    . . .      Spirit   .   t - +3 robe of the Maze {MP+9 Dex+5 Slay+2}
rPois   .          Reflect  .   c - +0 hat
rElec   .          Harm     .   C - +0 cloak
rCorr   .          Rampage  .   (gloves unavailable)
Will    +....                   (boots unavailable)
Stlth   +.........              s - amulet of the acrobat
HPRegen 0.28/turn               w - +4 ring of protection
MPRegen 0.21/turn               z - ring of fire

@: glowing, lightly drained
A: large, unfitting armour, tough skin 1
a: Renounce Religion


You were on level 9 of the Dungeon.
You worshipped the Shining One.
The Shining One was noncommittal.
You visited 2 branches of the dungeon, and saw 10 of its levels.

You collected 560 gold pieces.

Inventory:

Hand Weapons
 a - a +1 whip of venom
 b - a +3 sling
 f - a +2 whip of pain
 k - a +0 quarterstaff
 x - a +2 sling of freezing
 E - a +0 giant club
 J - a +1 whip of holy wrath
 L - a +0 scimitar
 P - a +4 short sword of venom (weapon)
 Q - a +2 dagger of venom
Missiles
 d - 2 throwing nets (quivered)
 e - a large rock
 l - 49 poisoned darts
 r - 3 javelins
Armour
 c - a +0 hat (worn)
 o - an orb of guile
 t - the +3 robe of the Maze (worn) {MP+9 Dex+5 Slay+2}
   (You found it on level 2 of the Dungeon)

   Dex:       It affects your dexterity (+5).
   Slay:      It affects your accuracy & damage with ranged weapons and melee
   (+2).
   MP:        It affects your magic capacity (+9).
 C - a +0 cloak (worn)
 N - a scarf of harm
Jewellery
 s - an amulet of the acrobat (around neck)
 v - an amulet of reflection
 w - a +4 ring of protection (left hand)
 z - a ring of fire (right hand)
 H - an amulet of regeneration
Wands
 D - a wand of iceblast (26)
 G - a wand of digging (1)
 M - a wand of flame (22)
Scrolls
 g - 2 scrolls of poison
 i - a scroll of fog {unknown}
 m - a scroll of silence
 p - 5 scrolls of teleportation
 y - a scroll of identify
 B - 2 scrolls of immolation
Potions
 h - 5 potions of curing
 j - 2 potions of cancellation
 n - a potion of might
 u - 3 potions of degeneration
 A - 2 potions of flight
 F - a potion of berserk rage {unknown}
 I - a potion of lignification {unknown}
 K - a potion of ambrosia {unknown}


   Skills:
 * Level 10.0 Fighting
 + Level 3.1 Short Blades
 - Level 5.9(6.3) Maces & Flails
 - Level 3.2(5.3) Staves
 + Level 2.1 Ranged Weapons
 - Level 2.0 Throwing
 + Level 6.7 Dodging
 * Level 6.7 Spellcasting


You had 22 spell levels left.
You didn't know any spells.
Your spell library contained the following spells:

 Spells                   Type           Power      Damage    Failure   Level
 Beastly Appendage        Tmut           6%         N/A       19%         1
 Shock                    Conj/Air       12%        1d3       19%         1
 Summon Small Mammal      Summ           12%        N/A       19%         1
 Wereblood                Tmut           3%         N/A       26%         2
 Call Canine Familiar     Summ           3%         N/A       47%         3
 Spider Form              Tmut/Pois      3%         N/A       47%         3
 Summon Guardian Golem    Hex/Summ       3%         N/A       47%         3
 Swiftness                Air            3%         N/A       47%         3
 Airstrike                Air            1%         0-2+      87%         4
 Hailstorm                Conj/Ice       3%         3d3       87%         4
 Ice Form                 Ice/Tmut       3%         N/A       87%         4
 Leda's Liquefaction      Hex/Erth       1%         N/A       87%         4
 Lee's Rapid Deconstruct  Erth           1%         3d5*      99%         5
 Simulacrum               Ice/Necr       1%         N/A       100%        6
 Statue Form              Tmut/Erth      2%         N/A       100%        6


Dungeon Overview and Level Annotations

Branches:
Dungeon (9/15)             Temple (1/1) D:7            Lair (0/6) D:8
    Orc: D:9-12

Altars:
Cheibriados
Dithmenos
Elyvilon
Fedhas
Gozag
Hepliaklqana
Kikubaaqudgha
Makhleb
Nemelex Xobeh
Okawaru
Qazlal
Sif Muna
Trog
Uskayaw
Vehumet
Wu Jian
Xom
Yredelemnul
Zin
The Shining One

Shops:
D:5 (   D:8 (

Annotations:
D:3 2 transporters, jlumianski's ghost, amateur DsFi
D:7 1 runed translucent door, kkgakdfjhgaksdf's ghost, novice DgHu


Innate Abilities, Weirdness & Mutations

You are too large for most types of armour.
You have tough skin. (AC +1)


Message History

You hit the troll but do no damage.
The troll looks as sick as possible!
The troll is lightly wounded.
The gnoll hits you but does no damage. The troll bites you but does no damage.
The troll claws you but does no damage. The troll claws you!
The gnoll completely misses you. The troll bites you but does no damage.
The troll closely misses you. The troll completely misses you.
Things that are here:
a +0 battleaxe; a +0 robe You hit the gnoll.
The gnoll is heavily wounded.
The gnoll barely misses you. The troll bites you!
The troll claws you but does no damage. x2
You puncture the gnoll!
You kill the gnoll!
The troll bites you.
The troll claws you but does no damage. x2
You see here a +0 spear.
You completely miss the troll.
The troll is moderately wounded.
The troll closely misses you. The troll misses you.
The troll closely misses you.
You hit the troll but do no damage.
The troll looks as sick as possible!
The troll is moderately wounded.
The troll closely misses you. x2; The troll claws you.
* * * LOW HITPOINT WARNING * * *
You hit the troll.
The troll is heavily wounded.
The troll bites you!
* * * LOW HITPOINT WARNING * * *
The troll claws you but does no damage. x2
You hit the troll.
The troll looks as sick as possible!
The troll is severely wounded.
The troll bites you!
* * * LOW HITPOINT WARNING * * *
The troll misses you. The troll closely misses you.
You hit the troll but do no damage.
The troll is severely wounded.
The troll bites you.
* * * LOW HITPOINT WARNING * * *
The troll claws you!
You die...

≈≈≈#.≈...≈# #♣.≈#≈≈≈..≈#
##≈..≈..≈..≈#
#.....♣#..≈≈#.#...#
#..≈≈.≈≈...≈......####
#.≈.≈≈≈≈..≈..........#
###.≈#..≈≈.≈≈≈.........
#)).≈.)T≈..≈..........
#.#####@≈.≈≈.###^...#
#)# #....#..##.(..# #.#
##......##....# #.#
##...........##
#.########...###.#...###
#.)....# #...###.#......
#.###..# #......)..).##.
#.# #)## ##..###g#.###
#.# #.# #..# #.#.#


You could see a troll (extremely poisoned).

Vanquished Creatures
  Maurice (D:9)
  A komodo dragon (D:8)
  A troll (D:7)
  2 water moccasins
  An ice beast (D:8)
  An orc warrior (D:9)
  5 sky beasts
  2 black bears
  An ogre (D:5)
  4 centaurs
  4 kobold brigands
  A gnoll sergeant (D:5)
  3 bullfrogs
  2 scorpions (D:5)
  4 wights (D:9)
  3 killer bees (D:8)
  2 jellies
  3 orc priests
  A gnoll bouda (D:6)
  2 hounds
  2 iguanas
  2 orc wizards
  9 gnolls
  10 adders
  A shadow imp (D:7)
  A white imp (D:7)
  3 worms
  4 dart slugs
  26 orcs
  3 ball pythons
  3 bats (D:2)
  3 endoplasms
  4 giant cockroaches
  11 goblins
  3 hobgoblins
  3 jackals (D:1)
  4 quokkas
  2 frilled lizards
  18 kobolds
  7 rats
163 creatures vanquished.

Vanquished Creatures (collateral kills)
  A scorpion (D:7)
1 creature vanquished.

Vanquished Creatures (others)
  7 plants
7 creatures vanquished.

Grand Total: 171 creatures vanquished

Notes
Turn   | Place    | Note
-------+----------+-------------------------------------------
     0 | D:1      | jimonade the Ogre Gladiator began the quest for the Orb.
     0 | D:1      | Reached XP level 1. HP: 22/22 MP: 1/1
   135 | D:1      | Reached XP level 2. HP: 17/29 MP: 2/2
   451 | D:1      | HP: 1/29 [poisoned by a kobold]
   887 | D:1      | Reached skill level 3 in Fighting
   989 | D:1      | Reached skill level 1 in Spellcasting
  1268 | D:1      | Found a faded altar of an unknown god.
  1437 | D:2      | Reached XP level 3. HP: 37/37 MP: 4/4
  1772 | D:2      | Identified the +3 robe of the Maze {MP+9 Dex+5 Slay+2}
  2402 | D:3      | Reached XP level 4. HP: 39/45 MP: 6/6
  2630 | D:3      | Found a transporter.
  2688 | D:3      | Reached skill level 1 in Maces & Flails
  2757 | D:3      | Found a transporter.
  3023 | D:3      | Noticed jlumianski's ghost (amateur DsFi)
  3472 | D:4      | Found a hide-covered altar of Uskayaw.
  3500 | D:4      | Found a stormy altar of Qazlal.
  3527 | D:4      | Reached XP level 5. HP: 50/54 MP: 8/8
  3627 | D:4      | Noticed a centaur
  3729 | D:4      | Killed a centaur
  3730 | D:4      | Reached skill level 4 in Fighting
  3778 | D:4      | Identified the +1 chain mail of the Vaults {*Corrode rC+
                  | Dex+4}
  3790 | D:4      | Found a shimmering blue altar of Sif Muna.
  3962 | D:4      | Found a bloodstained altar of Trog.
  3975 | D:5      | Entered Level 5 of the Dungeon
  3993 | D:5      | Reached skill level 1 in Ranged Weapons
  3993 | D:5      | Reached XP level 6. HP: 58/63 MP: 10/10
  4243 | D:5      | Found a white marble altar of Elyvilon.
  4466 | D:5      | Reached XP level 7. HP: 50/71 MP: 12/12
  4475 | D:5      | Reached skill level 5 in Fighting
  4860 | D:5      | Found a blossoming altar of Fedhas.
  4905 | D:5      | Found Gaazyuwn's Weapon Shop.
  5467 | D:5      | Found a glowing silver altar of Zin.
  5494 | D:5      | Found an opulent altar of Gozag.
  5811 | D:6      | Reached XP level 8. HP: 58/83 MP: 14/14
  6054 | D:6      | Reached skill level 6 in Fighting
  6612 | D:7      | Reached skill level 5 in Dodging
  6641 | D:7      | Reached skill level 5 in Maces & Flails
  6909 | D:7      | Reached skill level 7 in Fighting
  6909 | D:7      | Reached skill level 5 in Spellcasting
  6909 | D:7      | Reached XP level 9. HP: 74/93 MP: 16/16
  6918 | D:7      | Found a shadowy altar of Dithmenos.
  6918 | D:7      | Found a basalt altar of Yredelemnul.
  7324 | D:7      | Found a staircase to the Ecumenical Temple.
  7347 | D:7      | Noticed a troll
  7375 | D:7      | Killed a troll
  7698 | D:7      | Found a runed translucent door.
  7701 | D:7      | Found a shimmering altar of Xom.
  7701 | D:7      | Noticed kkgakdfjhgaksdf's ghost (novice DgHu)
  7702 | D:7      | Noticed a +2 spear of chaos
  7822 | Temple   | Entered the Ecumenical Temple
  7822 | Temple   | Found a transporter.
  7822 | Temple   | Found a transporter.
  7824 | Temple   | Found a transporter.
  7824 | Temple   | Found a transporter.
  7898 | Temple   | Became a worshipper of the Shining One
  8158 | D:8      | Found an iron altar of Okawaru.
  8198 | D:8      | Found Mewnoid's Weapon Shop.
  8221 | D:8      | Reached skill level 8 in Fighting
  8758 | D:8      | Reached skill level 1 in Short Blades
  8813 | D:8      | Reached skill level 9 in Fighting
  8985 | D:8      | Found a staircase to the Lair.
  8986 | D:8      | Noticed a komodo dragon
  9100 | D:8      | Killed a komodo dragon
  9948 | D:9      | Reached XP level 10. HP: 74/106 MP: 19/19
 10104 | D:9      | Noticed Maurice
 10128 | D:9      | Killed Maurice
 10129 | D:9      | Reached skill level 10 in Fighting
 10163 | D:9      | Slain by a troll

Illustrated notes

Levels and vault maps discovered:
D:1:      eino_arrival_water_cross, layout_basic,
          hellmonk_ecumenical_altar_prayer_group, minmay_misc_feat_doors,
          amcnicky_mini_corridor_feature
D:2:      layout_basic, serial_bayou_pond_d
D:3:      layout_basic, gammafunk_ghost_mausoleum, reono_crystal_passage
D:4:      layout_rooms, nicolae_sif_muna_little_library,
          mainiacjoe_overflow_big_doors, overflow_temple_1_default,
          grunt_decor_cap
D:5:      layout_loops_cross, pdpol_temple_overflow_zin_treasury_gozag_greed,
          elyvilon_altar_4, fedhas_bush_and_centaur_altar, serial_shops, shop
D:6:      layout_loops_cross
D:7:      layout_rooms, gammafunk_temple_overflow_wave,
          minmay_temple_entry_gardened_gates, ebering_ghost_xom, enter_bailey_3,
          nicolae_ossuary_entry_monument
D:8:      layout_basic, kennysheep_little_box, david_lair_shrubbed,
          serial_shops, shop
D:9:      layout_loops_ring, grunt_ashenzari_visionary
          [grunt_ashenzari_visionary_shoals, grunt_ashenzari_visionary_spider],
          old_standard_altar, david_orc_3, chequers_serial_rivers_marsh,
          uniq_maurice, uniq_maggie
Temple:   hellmonk_temple_divided_pantheon

Skill      XL: |  1  2  3  4  5  6  7  8  9 10 |
---------------+-------------------------------+-----
Fighting       | 3 4 5 7 9 10 | 10.0
Dodging        | 3 4 5 6 |  6.7
Spellcasting   | 1 2 3 4 5 6 |  6.7
Maces & Flails | 1 2 3 5 |  5.9
Ranged Weapons | 1 2 |  2.1
Short Blades   | 2 3 |  3.1
Staves         | |  3.2
Throwing       | |  2.0

Action                   |  1- 3 |  4- 6 |  7- 9 | 10-12 || total
-------------------------+-------+-------+-------+-------++-------
Melee: Quarterstaff      |    32 |       |       |       ||    32
       Whip              |    68 |    86 |   275 |    10 ||   439
       Punch             |       |       |     6 |       ||     6
       Short sword       |       |       |    75 |    34 ||   109
       Flail             |       |       |     5 |    10 ||    15
 Fire: Sling             |     5 |    11 |       |       ||    16
  Use: Scroll            |       |       |    15 |       ||    15
 Stab: Sleeping          |     2 |     2 |       |       ||     4
Armor: Robe              |    33 |    39 |   167 |    35 ||   274
Dodge: Dodged            |    56 |    67 |   277 |    47 ||   447

Table legend: (Time is in decaauts)
 A = Elapsed time spent in this place.
 B = Non-inter-level travel time spent in this place.
 C = Inter-level travel time spent in this place.
 D = Time resting spent in this place.
 E = Time spent auto-exploring this place.
 F = Levels seen in this place.
 G = Mean time per level.
                   A        B        C        D        E       F      G
               +--------+--------+--------+--------+--------+-----+--------+
         Total |  10129 |   9694 |    435 |   1743 |   5905 |  10 | 1012.9 |
       Dungeon |  10038 |   9612 |    426 |   1743 |   5860 |   9 | 1115.3 |
        Temple |     90 |     81 |      9 |      0 |     45 |   1 |   90.0 |
               +--------+--------+--------+--------+--------+-----+--------+

Top non-repeatable levels by time:
     D:6: 1684 daAuts
     D:8: 1679 daAuts
     D:5: 1671 daAuts
     D:1: 1366 daAuts
     D:3: 1033 daAuts
     D:2: 936 daAuts
     D:7: 666 daAuts
     D:4: 642 daAuts
     D:9: 357 daAuts
  Temple: 90 daAuts
